[ PARTIDA AOE2 · #507641724 ]
UnrankedMagiares vs Slavs
Equipo del jugador · DERR
Equipo rival · VICT
[ ANÁLISIS DE REPETICIÓN · EXTRAÍDO DE LA PARTIDA GRABADA ]
Feudal
10:41
Castillos
22:48
Imperial
—
| APM promedio | 85.3 |
| APM pico | 122 |
| eAPM promedio | 35.6 |
| Aldeanos / militares | 117 / 181 |
Foco
⚔️ 33.4% · 🌾 66.6%
Cavalry Archer ×146 · Skirmisher ×17 · Scout Cavalry ×9 · Knight ×4 · Militia ×3 · Archer ×1
Feudal
8:51
Castillos
20:58
Imperial
—
| APM promedio | 74.9 |
| APM pico | 110 |
| eAPM promedio | 36.3 |
| Aldeanos / militares | 132 / 129 |
Foco
⚔️ 45.1% · 🌾 54.9%
Knight ×34 · Cavalry Archer ×33 · Skirmisher ×30 · Archer ×23 · Scout Cavalry ×5 · Monk ×2
Mapa de la partida
Recursos iniciales + cada clic de construcción. Líneas = muros · curvas = relieve. ◆ oro · ⬟ piedra · ● bayas · ✦ reliquia · ◌ hueco del cierre
Tu base· ✓ Cerrada en 22:48 · 38t muro · 2 puerta(s)
Base de Jeffin· ✓ Cerrada en 20:58 · 35t muro · 1 puerta(s)
Terreno inicial suavizado · ◌ = hueco del cierre detectado · pasá el cursor para detalles
Inputs por minuto
— Gil-galad - - Jeffin
Build order — Gil-galad
Primeras 150 de 318 acciones detectadas
| 0:00 | Crear | Villager (Male) |
| 0:01 | Crear | Villager (Male) |
| 0:01 | Crear | Villager (Male) |
| 0:02 | Construir | House |
| 0:03 | Construir | House |
| 0:14 | Crear | Villager (Male) |
| 0:14 | Crear | Villager (Male) |
| 1:22 | Crear | Villager (Male) |
| 1:23 | Crear | Villager (Male) |
| 2:01 | Crear | Villager (Male) |
| 2:02 | Crear | Villager (Male) |
| 2:11 | Crear | Villager (Male) |
| 2:11 | Crear | Villager (Male) |
| 2:19 | Construir | Lumber Camp |
| 2:44 | Crear | Villager (Male) |
| 2:45 | Crear | Villager (Male) |
| 3:15 | Crear | Villager (Male) |
| 3:15 | Crear | Villager (Male) |
| 3:35 | Crear | Villager (Male) |
| 3:36 | Crear | Villager (Male) |
| 3:46 | Crear | Villager (Male) |
| 3:46 | Crear | Villager (Male) |
| 3:51 | Construir | House |
| 4:20 | Crear | Villager (Male) |
| 4:21 | Crear | Villager (Male) |
| 4:42 | Construir | Barracks |
| 4:48 | Crear | Villager (Male) |
| 5:14 | Construir | House |
| 5:20 | Crear | Villager (Male) |
| 5:44 | Construir | Palisade Wall |
| 5:45 | Crear | Militia |
| 5:45 | Crear | Militia |
| 5:48 | Crear | Villager (Male) |
| 5:48 | Crear | Villager (Male) |
| 5:49 | Crear | Villager (Male) |
| 5:49 | Crear | Villager (Male) |
| 6:11 | Crear | Militia |
| 6:19 | Crear | Villager (Male) |
| 6:30 | Construir | Mill |
| 6:30 | Crear | Villager (Male) |
| 7:03 | Construir | House |
| 7:24 | Investigar | Loom |
| 8:01 | Crear | Villager (Male) |
| 8:31 | Investigar | Feudal Age |
| 8:31 | Investigar | Feudal Age |
| 8:40 | Construir | Palisade Wall |
| 8:48 | Construir | Palisade Wall |
| 8:56 | Construir | House |
| 8:59 | Construir | Palisade Wall |
| 9:00 | Construir | Palisade Wall |
| 9:04 | Crear | Villager (Male) |
| 9:23 | Construir | Lumber Camp |
| 9:34 | Construir | Palisade Gate |
| 10:15 | Crear | Villager (Male) |
| 10:24 | Construir | Palisade Wall |
| 10:35 | Construir | Palisade Wall |
| 10:36 | Construir | Palisade Wall |
| 10:41 | Edad | Edad Feudal |
| 10:54 | Crear | Villager (Male) |
| 10:56 | Investigar | Horse Collar |
| 10:57 | Investigar | Double-Bit Axe |
| 11:05 | Construir | Stable |
| 11:34 | Crear | Villager (Male) |
| 11:39 | Construir | Farm |
| 11:41 | Construir | Farm |
| 11:55 | Construir | Farm |
| 12:04 | Crear | Scout Cavalry |
| 12:11 | Construir | Farm |
| 12:17 | Crear | Spearman |
| 12:24 | Crear | Villager (Male) |
| 12:24 | Crear | Villager (Male) |
| 12:31 | Construir | Farm |
| 12:42 | Construir | Farm |
| 12:48 | Crear | Villager (Male) |
| 12:49 | Crear | Villager (Male) |
| 13:09 | Construir | Palisade Wall |
| 13:14 | Crear | Scout Cavalry |
| 13:14 | Crear | Villager (Male) |
| 13:26 | Crear | Villager (Male) |
| 13:29 | Construir | Archery Range |
| 13:40 | Crear | Scout Cavalry |
| 13:45 | Construir | Mining Camp |
| 13:54 | Crear | Villager (Male) |
| 13:54 | Crear | Villager (Male) |
| 13:55 | Crear | Villager (Male) |
| 13:57 | Construir | Farm |
| 13:58 | Construir | Farm |
| 14:10 | Crear | Villager (Male) |
| 14:36 | Crear | Villager (Male) |
| 14:40 | Construir | Farm |
| 14:41 | Construir | Farm |
| 14:50 | Crear | Scout Cavalry |
| 15:01 | Construir | Palisade Wall |
| 15:02 | Crear | Villager (Male) |
| 15:11 | Crear | Skirmisher |
| 15:23 | Crear | Scout Cavalry |
| 15:27 | Construir | Blacksmith |
| 15:33 | Construir | Farm |
| 15:33 | Crear | Villager (Male) |
| 15:39 | Construir | House |
| 16:01 | Construir | Palisade Gate |
| 16:03 | Crear | Skirmisher |
| 16:04 | Crear | Scout Cavalry |
| 16:07 | Construir | Farm |
| 16:20 | Construir | Farm |
| 16:21 | Crear | Villager (Male) |
| 16:24 | Construir | House |
| 16:37 | Investigar | Fletching |
| 16:37 | Investigar | Fletching |
| 16:40 | Crear | Archer |
| 16:53 | Construir | House |
| 16:59 | Crear | Villager (Male) |
| 17:00 | Crear | Villager (Male) |
| 17:02 | Construir | Farm |
| 17:04 | Construir | Farm |
| 17:10 | Crear | Skirmisher |
| 17:15 | Construir | Farm |
| 17:26 | Crear | Villager (Male) |
| 17:28 | Crear | Skirmisher |
| 17:34 | Construir | Farm |
| 18:14 | Crear | Villager (Male) |
| 18:24 | Construir | Palisade Gate |
| 18:39 | Construir | Lumber Camp |
| 18:40 | Crear | Villager (Male) |
| 18:52 | Construir | Market |
| 19:02 | Crear | Villager (Male) |
| 19:04 | Construir | Farm |
| 19:43 | Crear | Villager (Male) |
| 20:07 | Investigar | Castle Age |
| 20:07 | Investigar | Castle Age |
| 20:12 | Crear | Skirmisher |
| 20:12 | Crear | Skirmisher |
| 20:39 | Investigar | Padded Archer Armor |
| 20:48 | Crear | Skirmisher |
| 20:55 | Crear | Villager (Male) |
| 21:00 | Construir | House |
| 21:01 | Construir | House |
| 21:11 | Crear | Skirmisher |
| 21:11 | Crear | Skirmisher |
| 21:32 | Construir | Archery Range |
| 21:38 | Construir | Archery Range |
| 21:47 | Construir | Mining Camp |
| 21:56 | Investigar | Bloodlines |
| 22:02 | Investigar | Gold Mining |
| 22:02 | Investigar | Gold Mining |
| 22:10 | Crear | Villager (Male) |
| 22:47 | Construir | House |
| 22:48 | Edad | Edad de los Castillos |
| 22:53 | Investigar | Leather Archer Armor |
| 23:08 | Investigar | Elite Skirmisher (upgrade) |
Build order — Jeffin
Primeras 150 de 393 acciones detectadas
| 0:00 | Crear | Villager (Male) ×4 |
| 0:02 | Construir | House |
| 0:03 | Construir | House |
| 1:28 | Crear | Villager (Male) |
| 1:28 | Crear | Villager (Male) |
| 1:28 | Crear | Villager (Male) |
| 1:56 | Construir | Lumber Camp |
| 2:00 | Crear | Villager (Male) |
| 2:00 | Crear | Villager (Male) |
| 2:14 | Crear | Villager (Male) |
| 2:41 | Crear | Villager (Male) |
| 2:42 | Crear | Villager (Male) |
| 3:04 | Crear | Villager (Male) |
| 3:04 | Crear | Villager (Male) |
| 3:44 | Crear | Villager (Male) |
| 3:45 | Crear | Villager (Male) |
| 3:49 | Crear | Villager (Male) |
| 3:52 | Construir | House |
| 4:03 | Crear | Villager (Male) |
| 4:32 | Crear | Villager (Male) |
| 4:37 | Construir | House |
| 4:47 | Construir | Mill |
| 5:15 | Crear | Villager (Male) |
| 5:37 | Crear | Villager (Male) |
| 6:01 | Crear | Villager (Male) |
| 6:41 | Investigar | Feudal Age |
| 7:02 | Investigar | Loom |
| 7:51 | Construir | Barracks |
| 8:36 | Construir | House |
| 8:39 | Crear | Villager (Male) |
| 8:51 | Edad | Edad Feudal |
| 8:55 | Construir | Stable |
| 8:57 | Crear | Spearman |
| 9:07 | Investigar | Double-Bit Axe |
| 9:23 | Construir | House |
| 9:38 | Crear | Villager (Male) |
| 9:39 | Crear | Scout Cavalry |
| 9:43 | Crear | Scout Cavalry |
| 10:14 | Crear | Villager (Male) |
| 10:37 | Crear | Villager (Male) |
| 10:38 | Crear | Villager (Male) |
| 10:52 | Construir | Farm |
| 10:53 | Construir | Farm |
| 10:54 | Construir | Farm |
| 11:13 | Crear | Villager (Male) |
| 11:13 | Crear | Villager (Male) |
| 11:33 | Crear | Villager (Male) |
| 11:37 | Construir | Farm |
| 11:38 | Construir | Farm |
| 11:43 | Construir | Farm |
| 11:51 | Crear | Villager (Male) |
| 11:57 | Construir | Archery Range |
| 12:08 | Crear | Scout Cavalry |
| 12:20 | Crear | Villager (Male) |
| 12:22 | Construir | Mining Camp |
| 12:27 | Construir | House |
| 12:29 | Construir | Palisade Wall |
| 12:38 | Crear | Villager (Male) |
| 13:06 | Crear | Archer |
| 13:13 | Crear | Villager (Male) |
| 13:17 | Crear | Archer |
| 13:25 | Crear | Villager (Male) |
| 13:41 | Crear | Villager (Male) |
| 13:45 | Construir | Blacksmith |
| 13:52 | Crear | Archer |
| 14:19 | Crear | Archer |
| 14:20 | Crear | Villager (Male) |
| 14:24 | Construir | Farm |
| 14:24 | Construir | Farm |
| 14:31 | Crear | Spearman |
| 14:35 | Construir | House |
| 14:37 | Construir | Palisade Wall |
| 14:42 | Crear | Scout Cavalry |
| 15:03 | Crear | Scout Cavalry |
| 15:04 | Crear | Archer |
| 15:05 | Crear | Villager (Male) |
| 15:15 | Crear | Archer |
| 15:24 | Crear | Villager (Male) |
| 15:26 | Construir | Farm |
| 15:30 | Construir | Palisade Wall |
| 15:32 | Construir | Palisade Wall |
| 15:33 | Construir | Palisade Wall |
| 15:36 | Construir | Farm |
| 15:39 | Construir | Palisade Gate |
| 15:44 | Crear | Archer |
| 15:56 | Crear | Villager (Male) |
| 15:56 | Crear | Villager (Male) |
| 16:03 | Construir | Palisade Wall |
| 16:19 | Crear | Archer |
| 16:21 | Crear | Villager (Male) |
| 16:28 | Construir | Farm |
| 17:00 | Crear | Villager (Male) |
| 17:07 | Construir | Farm |
| 17:09 | Construir | Farm |
| 17:12 | Crear | Villager (Male) |
| 17:17 | Crear | Archer |
| 17:25 | Construir | House |
| 17:40 | Crear | Archer |
| 17:43 | Construir | Farm |
| 18:18 | Investigar | Castle Age |
| 18:42 | Construir | Lumber Camp |
| 18:43 | Construir | Farm |
| 18:55 | Investigar | Horse Collar |
| 18:55 | Investigar | Horse Collar |
| 19:00 | Crear | Archer |
| 19:32 | Crear | Archer |
| 19:36 | Crear | Villager (Male) |
| 19:36 | Crear | Villager (Male) |
| 19:41 | Crear | Archer |
| 20:03 | Construir | Archery Range |
| 20:07 | Construir | Farm |
| 20:10 | Construir | Farm |
| 20:20 | Construir | House |
| 20:35 | Investigar | Fletching |
| 20:35 | Investigar | Fletching |
| 20:37 | Crear | Villager (Male) |
| 20:39 | Construir | Farm |
| 20:41 | Construir | Farm |
| 20:45 | Construir | Farm |
| 20:58 | Edad | Edad de los Castillos |
| 21:02 | Investigar | Crossbowman (upgrade) |
| 21:08 | Investigar | Bodkin Arrow |
| 21:12 | Crear | Archer |
| 21:23 | Crear | Knight |
| 21:31 | Crear | Archer |
| 21:32 | Crear | Archer |
| 21:38 | Crear | Villager (Male) |
| 21:43 | Crear | Villager (Male) |
| 22:00 | Crear | Knight |
| 22:06 | Crear | Villager (Male) |
| 22:09 | Construir | University |
| 22:24 | Investigar | Bow Saw |
| 22:29 | Crear | Archer |
| 22:31 | Crear | Archer |
| 22:43 | Crear | Knight |
| 22:51 | Crear | Villager (Male) |
| 22:58 | Crear | Archer |
| 23:00 | Construir | Farm |
| 23:08 | Crear | Villager (Male) |
| 23:41 | Crear | Villager (Male) |
| 23:46 | Investigar | Scale Barding Armor |
| 23:48 | Crear | Archer |
| 23:49 | Crear | Archer |
| 23:53 | Crear | Villager (Male) |
| 23:58 | Construir | Town Center |
| 24:12 | Crear | Archer |
| 24:15 | Crear | Archer |
| 24:17 | Crear | Villager (Male) |
| 24:17 | Crear | Villager (Male) |
| 24:28 | Crear | Villager (Male) |
Cronología de la partida
| 4:42 | Gil-galad · first_building Barracks |
| 5:44 | Gil-galad · wall_segment Palisade Wall x1 |
| 7:51 | Jeffin · first_building Barracks |
| 8:40 | Gil-galad · wall_segment Palisade Wall x6 |
| 8:48 | Gil-galad · wall_segment Palisade Wall x7 |
| 8:51 | Jeffin · age_up feudal |
| 8:55 | Jeffin · first_building Stable |
| 8:59 | Gil-galad · wall_segment Palisade Wall x7 |
| 9:00 | Gil-galad · wall_segment Palisade Wall x4 |
| 10:24 | Gil-galad · wall_segment Palisade Wall x5 |
| 10:35 | Gil-galad · wall_segment Palisade Wall x4 |
| 10:36 | Gil-galad · wall_segment Palisade Wall x5 |
| 10:41 | Gil-galad · age_up feudal |
| 11:05 | Gil-galad · first_building Stable |
| 11:57 | Jeffin · first_building Archery Range |
| 12:29 | Jeffin · wall_segment Palisade Wall x1 |
| 13:09 | Gil-galad · wall_segment Palisade Wall x1 |
| 13:29 | Gil-galad · first_building Archery Range |
| 14:37 | Jeffin · wall_segment Palisade Wall x10 |
| 15:01 | Gil-galad · wall_segment Palisade Wall x1 |
| 15:30 | Jeffin · wall_segment Palisade Wall x8 |
| 15:32 | Jeffin · wall_segment Palisade Wall x7 |
| 15:33 | Jeffin · wall_segment Palisade Wall x8 |
| 16:03 | Jeffin · wall_segment Palisade Wall x1 |
| 19:56 | Gil-galad · first_market_sell 100 wood |
| 19:58 | Gil-galad · first_market_buy 100 food |
| 20:58 | Jeffin · age_up castle |
| 22:48 | Gil-galad · age_up castle |
| 26:14 | Gil-galad · wall_segment Palisade Wall x5 |
| 31:46 | Jeffin · first_building Monastery |
| 36:48 | Jeffin · first_market_buy 100 food |
| 37:51 | Gil-galad · resign |
[ ANÁLISIS IA · 1 CRÉDITO ]
¿Qué pasó realmente en esta partida?
Wolo.gg analiza cada decisión: build order, eco, micro, errores típicos por bracket. Análisis personalizado por WhatsApp o Discord en 30 segundos.
Guía civ
Magiares
Perfil
Jugador #322559